[Event "Titled Tuesday Blitz April 4 Late 2023"]
[White "Jiganchine, Roman"]
[Black "Danielyan, Vahe"]
[WhiteFideId "2603667"]
[BlackFideId "13304828"]
[WhiteElo "2321"]
[BlackElo "2423"]
[Result "0-1"]
[Round "01"]
[TimeControl "180+2"]
[Date "2023.04.04"]
[WhiteClock "0:00:17"]
[BlackClock "0:00:59"]

1. e4 c5 2. Nf3 d6 3. Bb5+ Bd7 4. Bxd7+ Qxd7 5. c4 Nc6 6. d4 cxd4 7. Nxd4 Nf6 8. Nc3 g6 9. O-O Bg7 10. Nc2 O-O 11. f3 Rac8 12. Ne3 a6 13. Bd2 Ne5 14. b3 b5 15. cxb5 axb5 16. Rc1 b4 17. Ncd5 Nxd5 18. Nxd5 Rxc1 19. Bxc1 Rb8 20. Be3 h5 21. Rf2 h4 22. h3 Qb7 23. Rc2 e6 24. Nf4 Qa6 25. Rd2 Kh7 26. Kh2 Bf6 27. Ne2 Rd8 28. Nd4 d5 29. Bg5 Bxg5 0-1


[Site "https://www.chess.com"]

[Event "Titled Tuesday Blitz April 4 Late 2023"]
[White "Domingo Nunez, Ruben"]
[Black "Kujawski, Adam"]
[WhiteFideId "22245570"]
[BlackFideId "1100920"]
[WhiteElo "2404"]
[BlackElo "2054"]
[Result "1-0"]
[Round "01"]
[TimeControl "180+2"]
[Date "2023.04.04"]
[WhiteClock "0:00:24"]
[BlackClock "0:00:47"]

1. b3 e5 2. Bb2 Nc6 3. e3 a6 4. Nf3 d6 5. d4 exd4 6. exd4 d5 7. Be2 Nf6 8. O-O Be7 9. Ne5 O-O 10. Bf3 Nb8 11. c4 c6 12. Nc3 Bf5 13. Re1 Nbd7 14. cxd5 cxd5 15. Nxd5 Nxd5 16. Bxd5 Bb4 17. Re3 Nf6 18. Bxb7 Ra7 19. Bf3 Qd6 20. Nc6 Rc7 21. d5 Bc5 22. Be5 Qd7 23. Bxc7 Bxe3 24. fxe3 Qxc7 25. d6 Qb6 26. Ne7+ Kh8 27. Nxf5 g6 28. Qd4 Qxd4 29. Nxd4 Rd8 30. e4 Rxd6 31. e5 Rxd4 32. exf6 Rf4 33. Rc1 Rxf6 34. Rc6 Rf5 35. Rxa6 Rc5 36. Rc6 Ra5 37. a4 Kg7 38. Rc7 h5 39. Be2 Rf5 40. Bc4 h4 41. Rxf7+ Rxf7 42. Bxf7 Kxf7 43. a5 Ke6 44. a6 Kd7 45. a7 1-0


[Site "https://www.chess.com"]

[Event "Titled Tuesday Blitz April 4 Late 2023"]
[White "Vifleemskaia, Svetlana"]
[Black "Martins, Bruno Andre Leite"]
[WhiteFideId "4129490"]
[BlackFideId "1942255"]
[WhiteElo "1930"]
[BlackElo "2240"]
[Result "0-1"]
[Round "01"]
[TimeControl "180+2"]
[Date "2023.04.04"]
[WhiteClock "0:00:01"]
[BlackClock "0:00:28"]

1. d4 Nf6 2. c4 e6 3. Nc3 d5 4. cxd5 exd5 5. Bg5 a6 6. e3 Be6 7. Bd3 Nbd7 8. Nge2 h6 9. Bh4 Be7 10. O-O O-O 11. Nf4 Bg4 12. f3 Be6 13. Bc2 c5 14. Nxe6 fxe6 15. Qd3 Re8 16. Kh1 Nf8 17. Rad1 Rc8 18. a3 b5 19. e4 cxd4 20. Qxd4 dxe4 21. Qxd8 Rexd8 22. Rxd8 Bxd8 23. fxe4 Ng6 24. Bg3 Nh5 25. Bd6 Bc7 26. e5 Nxe5 27. Bxc7 Rxc7 28. Re1 Nc4 29. Rxe6 Nxb2 30. Bg6 Nf6 31. Ne2 Kf8 32. h3 Re7 33. Nf4 Rxe6 34. Nxe6+ Kg8 35. Nc7 Nc4 36. Nxa6 Nxa3 37. Kg1 Kf8 38. Kf2 Ke7 39. Ke3 Kd6 40. Kd4 Nd7 41. Bf7 Nc2+ 42. Kc3 Ne3 43. g4 Ne5 44. Bb3 Nd5+ 45. Kd4 Nc6+ 46. Kd3 Nf4+ 47. Ke4 Nxh3 0-1


[Site "https://www.chess.com"]

[Event "Titled Tuesday Blitz April 4 Late 2023"]
[White "Manelyuk, Daniil"]
[Black "Smith, Garrett L"]
[WhiteFideId "44173920"]
[BlackFideId "2024829"]
[WhiteElo "2259"]
[BlackElo "2313"]
[Result "0-1"]
[Round "01"]
[TimeControl "180+2"]
[Date "2023.04.04"]
[WhiteClock "0:00:42"]
[BlackClock "0:00:49"]

1. e4 c5 2. Nf3 Nc6 3. d4 cxd4 4. Nxd4 e5 5. Nb5 d6 6. N1c3 a6 7. Na3 Be7 8. Nd5 Nf6 9. Nxf6+ Bxf6 10. c4 O-O 11. Nc2 Bg5 12. Bd3 Bxc1 13. Qxc1 Be6 14. O-O Rc8 15. Qd2 Qh4 16. b3 Rcd8 17. Rad1 f5 18. exf5 Bxf5 19. Bxf5 Rxf5 20. Qd5+ Kh8 21. c5 Rh5 22. h3 e4 23. Qe6 Re5 24. Qf7 Rxc5 25. Ne3 Qe7 26. Qxe7 Nxe7 27. Rd4 d5 28. Rfd1 a5 29. Rxe4 Nc6 30. Re6 d4 31. Rxd4 Nxd4 32. Re7 Rc1+ 33. Kh2 b6 34. Nd5 Rc6 35. f3 h6 36. Nf4 Kh7 37. h4 Rf8 38. Kg3 Nf5+ 0-1


[Site "https://www.chess.com"]

[Event "Titled Tuesday Blitz April 4 Late 2023"]
[White "Ai, Evan"]
[Black "Popov, Mikhail"]
[WhiteFideId "2094770"]
[BlackFideId "4146182"]
[WhiteElo "1963"]
[BlackElo "2244"]
[Result "1/2-1/2"]
[Round "01"]
[TimeControl "180+2"]
[Date "2023.04.04"]
[WhiteClock "0:00:12"]
[BlackClock "0:00:13"]

1. e3 e5 2. c4 Nf6 3. Nc3 d5 4. cxd5 Nxd5 5. Nge2 Nc6 6. Nxd5 Qxd5 7. Nc3 Qd8 8. Bb5 Bd7 9. d4 Bd6 10. O-O O-O 11. d5 Ne7 12. Bxd7 Qxd7 13. e4 f5 14. f3 Ng6 15. Be3 Qe7 16. Qe2 Bc5 17. Na4 Bxe3+ 18. Qxe3 Nf4 19. g3 Nh3+ 20. Kg2 f4 21. Qc5 Qd7 22. Qc4 Ng5 23. g4 b5 24. Nc5 Qd6 25. Qxb5 Rab8 26. Qc4 Rxb2+ 27. Rf2 Rxf2+ 28. Kxf2 Qh6 29. Qf1 Qxh2+ 30. Qg2 Qh4+ 31. Ke2 Rb8 32. Nd3 Qh6 33. Qh1 Qa6 34. Qd1 Rb2+ 35. Ke1 Rh2 36. Nf2 Qa5+ 37. Kf1 Qc5 38. Qd2 Nxf3 39. Qb2 Qe3 40. Qb8+ Kf7 41. Qxc7+ Kg6 42. Qd6+ Kg5 43. Qe7+ Kh6 44. Qe6+ g6 45. g5+ Nxg5 46. Ng4+ Kh5 47. Nxe3 Nxe6 48. dxe6 fxe3 49. Kg1 Rc2 50. Re1 Rc7 51. Rxe3 Re7 52. Ra3 Rxe6 53. Rh3+ Kg4 54. Rxh7 g5 55. Rxa7 Kf3 56. Rg7 g4 57. Kh2 Rh6+ 58. Kg1 Ra6 59. Rf7+ Kxe4 60. Kf2 Rxa2+ 61. Kg3 Ra3+ 62. Kxg4 Re3 63. Rd7 Re1 64. Kg3 Rg1+ 65. Kf2 Rg5 66. Rf7 Rf5+ 67. Rxf5 Kxf5 68. Kf3 e4+ 69. Ke3 Ke5 70. Ke2 Kf4 71. Kf2 e3+ 72. Ke2 Ke4 73. Ke1 Kf3 74. Kf1 Kf4 75. Ke2 Ke4 76. Ke1 Kd3 77. Kd1 Kd4 78. Ke2 Ke4 1/2-1/2


[Site "https://www.chess.com"]

[Event "Titled Tuesday Blitz April 4 Late 2023"]
[White "EREBUNI91"]
[Black "Fajdetic, Hrvoje"]
[BlackFideId "14501945"]
[WhiteElo "2638"]
[BlackElo "2185"]
[Result "1-0"]
[Round "01"]
[TimeControl "180+2"]
[Date "2023.04.04"]
[WhiteClock "0:00:16"]
[BlackClock "0:00:47"]

1. e4 e6 2. d4 d5 3. e5 c5 4. c3 Nc6 5. Nf3 Bd7 6. Na3 cxd4 7. cxd4 Qa5+ 8. Bd2 Bb4 9. Be2 a6 10. Nc2 Bxd2+ 11. Qxd2 f6 12. Qxa5 Nxa5 13. Rc1 Rc8 14. Kd2 Nh6 15. Ne3 Ke7 16. b4 Nc6 17. exf6+ gxf6 18. a3 Na7 19. Rc5 b6 20. Rxc8 Rxc8 21. Bxa6 Ra8 22. Bd3 Nb5 23. Bxb5 Bxb5 24. Ra1 Kd6 25. Kc3 e5 26. Kb3 Ba4+ 27. Kb2 Rg8 28. g3 Ng4 29. Nxg4 Rxg4 30. Kc3 Rg7 31. Rc1 Rc7+ 32. Kb2 Re7 33. Re1 Bd7 34. Re3 Ba4 35. Kc3 Rc7+ 36. Kd2 Rc2+ 37. Ke1 e4 38. Nd2 Ra2 39. f3 f5 40. fxe4 fxe4 41. g4 Ra1+ 42. Kf2 Ra2 43. Ke1 Ra1+ 44. Kf2 Ra2 45. Re2 Bb5 46. Nxe4+ dxe4 47. Rxa2 Kd5 48. Ke3 Bc4 49. Rf2 b5 50. Rf5+ 1-0


[Site "https://www.chess.com"]

[Event "Titled Tuesday Blitz April 4 Late 2023"]
[White "Arun, Siddharth"]
[Black "Gold_Ocean"]
[WhiteFideId "2079178"]
[WhiteElo "2305"]
[BlackElo "2630"]
[Result "1-0"]
[Round "01"]
[TimeControl "180+2"]
[Date "2023.04.04"]
[WhiteClock "0:00:38"]
[BlackClock "0:00:11"]

1. d4 Nf6 2. Nc3 d5 3. Bf4 g6 4. e3 Bg7 5. Nb5 Na6 6. h3 O-O 7. Nf3 c6 8. Nc3 Nc7 9. Be2 Re8 10. O-O a5 11. a4 Nd7 12. e4 dxe4 13. Nxe4 Nd5 14. Bh2 N7f6 15. Nxf6+ Nxf6 16. c3 Qb6 17. Qc2 Bf5 18. Bd3 Bd7 19. Rfb1 Rad8 20. b4 Nd5 21. bxa5 Qxa5 22. Rxb7 Nxc3 23. Bc7 Qa8 24. Rb3 Rc8 25. Be5 Nd5 26. Bxg7 Kxg7 27. Ne5 Be6 28. Bc4 Rc7 29. Qb2 Qa7 30. a5 f6 31. Nd3 Bf5 32. Nc5 e5 33. Na6 Rd7 34. dxe5 Rxe5 35. Nb8 Rc7 36. a6 Bc8 37. Nxc6 Rxc6 38. Rb7+ Bxb7 39. axb7 Rb6 40. Rxa7 Rxb2 41. b8=Q+ Ne7 42. Qxb2 Re1+ 43. Kh2 1-0


[Site "https://www.chess.com"]

[Event "Titled Tuesday Blitz April 4 Late 2023"]
[White "Sokolovsky, Yahli"]
[Black "Kohler, Aran"]
[WhiteFideId "2820242"]
[BlackFideId "1002856"]
[WhiteElo "2316"]
[BlackElo "2299"]
[Result "1-0"]
[Round "01"]
[TimeControl "180+2"]
[Date "2023.04.04"]
[WhiteClock "0:00:15"]
[BlackClock "0:00:16"]

1. b3 e5 2. Bb2 Nc6 3. e3 a6 4. Nf3 d6 5. d4 e4 6. Nfd2 d5 7. c4 f5 8. cxd5 Nb4 9. Nc3 Nf6 10. Nc4 Nbxd5 11. Ne5 Bb4 12. Qd2 O-O 13. a3 Be7 14. Bc4 c6 15. O-O Kh8 16. Bxd5 cxd5 17. f4 Be6 18. Na4 Rc8 19. Rac1 Nd7 20. b4 Nxe5 21. dxe5 b6 22. Bd4 Rxc1 23. Rxc1 b5 24. Nc5 Bc8 25. Nb3 Bd7 26. Bc5 Be6 27. Bxe7 Qxe7 28. Nd4 Bg8 29. Rc6 Qb7 30. Qc3 Qe7 31. Rxa6 Qh4 32. g3 Qg4 33. Qc2 h5 34. Rc6 h4 35. Qe2 Qxe2 36. Nxe2 hxg3 37. hxg3 Ra8 38. Rc3 Bf7 39. Nd4 g6 40. Nxb5 Be8 41. Nd4 Ba4 42. b5 Kg7 43. b6 Rb8 44. Rc7+ Kh6 45. b7 Kh5 46. Ne6 Kg4 47. Kf2 Bb5 48. Nc5 d4 49. exd4 e3+ 50. Kxe3 Kxg3 51. Rc8 1-0


[Site "https://www.chess.com"]

[Event "Titled Tuesday Blitz April 4 Late 2023"]
[White "Fernandez Sanchez, Mario Andres"]
[Black "Gegenfurtner, Juergen"]
[WhiteFideId "6501621"]
[BlackFideId "24632147"]
[WhiteElo "2050"]
[BlackElo "2398"]
[Result "0-1"]
[Round "01"]
[TimeControl "180+2"]
[Date "2023.04.04"]
[WhiteClock "0:00:45"]
[BlackClock "0:00:21"]

1. d4 d5 2. Bf4 Nf6 3. e3 e6 4. Nf3 Bd6 5. Ne5 O-O 6. Nd2 b6 7. c3 c5 8. Ndf3 Qc7 9. Qc2 Ne4 10. Nd3 Nc6 11. Be2 Bb7 12. O-O Rac8 13. Rac1 Rfd8 14. Bxd6 Qxd6 15. Qa4 a6 16. Nde5 b5 17. Qd1 Ne7 18. dxc5 Nxc5 19. Nd3 Ne4 20. Nd2 Nf6 21. Bf3 e5 22. Ne1 e4 23. Be2 Ng6 24. Nb3 Ne5 25. Nd4 Qd7 26. h3 g6 27. a4 bxa4 28. Ra1 Nc4 29. Bxc4 Rxc4 30. Nec2 Rb8 31. Na3 Rcc8 32. Nac2 Kg7 33. Ra2 Bc6 34. Qa1 Bb5 35. Rd1 Bc4 36. Rxa4 Rxb2 37. Rxc4 Rcb8 38. Rb4 R2xb4 39. Nxb4 Rc8 40. Rc1 Ra8 41. c4 dxc4 42. Rxc4 a5 43. Nbc6 Qd5 44. Ra4 Re8 45. Rxa5 Qc4 46. Ra6 Kg8 47. Ra8 Rxa8 48. Qxa8+ Kg7 49. Qa1 Kg8 50. Ne5 Qc7 51. Ng4 Nxg4 52. hxg4 Qd7 53. Qa8+ Kg7 54. Qxe4 Qa4 55. Qb1 Qd7 56. Qb2 Kh6 57. Nf3 Qd1+ 58. Kh2 Qe2 59. Kg3 Qxb2 0-1


[Site "https://www.chess.com"]

[Event "Titled Tuesday Blitz April 4 Late 2023"]
[White "Perske, Thore"]
[Black "Zampronha, Wladimir Camilo"]
[WhiteFideId "12902195"]
[BlackFideId "2103087"]
[WhiteElo "2336"]
[BlackElo "2176"]
[Result "1-0"]
[Round "01"]
[TimeControl "180+2"]
[Date "2023.04.04"]
[WhiteClock "0:01:30"]
[BlackClock "0:00:30"]

1. d4 Nf6 2. g3 e6 3. Bg2 d5 4. Nf3 Be7 5. O-O O-O 6. c4 dxc4 7. Qc2 a6 8. a4 Bd7 9. Rd1 Bc6 10. Nc3 Nd5 11. e4 Nb4 12. Qe2 Nd3 13. Be3 Bb4 14. d5 Bd7 15. Na2 exd5 16. Nxb4 Nxb4 17. exd5 a5 18. Qxc4 N8a6 19. Nd4 Re8 20. Nb5 Bxb5 21. axb5 b6 22. bxa6 1-0


[Site "https://www.chess.com"]

[Event "Titled Tuesday Blitz April 4 Late 2023"]
[White "olga-belka"]
[Black "Papp, Levente"]
[BlackFideId "751243"]
[WhiteElo "2288"]
[BlackElo "2380"]
[Result "0-1"]
[Round "01"]
[TimeControl "180+2"]
[Date "2023.04.04"]
[WhiteClock "0:01:35"]
[BlackClock "0:01:27"]

1. e4 e6 2. d4 d5 3. Nd2 Nc6 4. Ngf3 Nf6 5. e5 Nd7 6. c3 f6 7. exf6 Qxf6 8. Bd3 e5 9. dxe5 Ndxe5 10. Nxe5 Nxe5 11. Be2 Bd6 12. Nf3 c6 13. Be3 O-O 14. Qd4 Bh3 15. O-O Nxf3+ 16. Bxf3 Qg6 17. Qd1 Rxf3 18. Qxf3 Bg4 0-1


[Site "https://www.chess.com"]

[Event "Titled Tuesday Blitz April 4 Late 2023"]
[White "Mihajlov, Sebastian"]
[Black "Lock, Gavin R"]
[WhiteFideId "1512110"]
[BlackFideId "408646"]
[WhiteElo "2478"]
[BlackElo "2104"]
[Result "1-0"]
[Round "01"]
[TimeControl "180+2"]
[Date "2023.04.04"]
[WhiteClock "0:01:43"]
[BlackClock "0:00:01"]

1. d4 d5 2. c4 e6 3. Nc3 Nf6 4. Nf3 a6 5. cxd5 exd5 6. Bf4 Bd6 7. g3 O-O 8. Bg2 Re8 9. O-O Bxf4 10. gxf4 Nc6 11. Ne5 Ne7 12. e3 Nf5 13. Kh1 c6 14. Rg1 Nd6 15. Bf3 Bf5 16. Qe2 g6 17. Rg2 Nde4 18. Na4 Kg7 19. b4 Nd6 20. Nc5 Nfe4 21. Bg4 f6 22. Ned3 Qe7 23. Bxf5 Nxf5 24. Qg4 Nfd6 25. a3 b6 26. Nb3 Rac8 27. f5 g5 28. Nf4 Nc4 29. Ne6+ Kh8 30. h3 a5 31. bxa5 Nxa5 32. Nxa5 bxa5 33. a4 Rb8 34. Rc1 Qd6 35. f3 1-0


[Site "https://www.chess.com"]

[Event "Titled Tuesday Blitz April 4 Late 2023"]
[White "Wang, Alexander J"]
[Black "Melikyan, Gnel"]
[WhiteFideId "30955270"]
[BlackFideId "54109990"]
[WhiteElo "2283"]
[BlackElo "2138"]
[Result "0-1"]
[Round "01"]
[TimeControl "180+2"]
[Date "2023.04.04"]
[WhiteClock "0:00:08"]
[BlackClock "0:00:18"]

1. e4 g5 2. d4 h6 3. h4 gxh4 4. Nf3 d6 5. Rxh4 Bg7 6. Bc4 Nc6 7. c3 e5 8. Rh1 exd4 9. cxd4 Bg4 10. Be3 Qe7 11. Nc3 O-O-O 12. Be2 Kb8 13. Qd2 Nf6 14. d5 Ne5 15. Nxe5 Qxe5 16. f3 Bc8 17. O-O-O Nd7 18. Nb5 a6 19. Bd4 Qg3 20. Qa5 b6 21. Qc3 axb5 22. Bxg7 Rhg8 23. Bd4 Qxg2 24. Bxb5 Nc5 25. Bxc5 dxc5 26. Kb1 Rg6 27. Rhf1 h5 28. Bc6 Bb7 29. Bxb7 Kxb7 30. Qc4 Qg3 31. Qe2 Qe5 32. f4 Qe7 33. e5 h4 34. Qe4 Kb8 35. d6 cxd6 36. Qc6 Qc7 37. Qd5 Re6 38. Rh1 Qe7 39. Rhe1 Kc7 40. Qc4 dxe5 41. Rxd8 Qxd8 42. fxe5 Qd4 43. Qa6 Qd5 44. Qa7+ Qb7 45. Qxb7+ Kxb7 46. Rh1 Rh6 47. Rf1 Rh7 48. Kc2 h3 49. Kd3 h2 50. Rh1 Kc6 51. Ke4 Rh4+ 52. Kf5 Kd5 53. Kf6 Rh7 54. Kf5 c4 55. a3 Kd4 56. e6 fxe6+ 57. Kxe6 Kd3 58. Kd5 b5 59. Kc5 Rh5+ 60. Kc6 Kc2 61. Rxh2+ Rxh2 62. Kxb5 Kb3 63. a4 Rh5+ 64. Kb6 Kxb2 65. a5 c3 66. a6 c2 67. a7 Rh8 68. Kb7 c1=Q 69. a8=Q Qh1+ 70. Kb6 Qxa8 71. Kb5 Rh5+ 72. Kb6 Qd8+ 73. Kc6 Qd5+ 74. Kb6 Rh6+ 75. Kc7 Qd6+ 76. Kc8 Rh8+ 77. Kb7 Rb8+ 78. Ka7 Qb6# 0-1


[Site "https://www.chess.com"]

[Event "Titled Tuesday Blitz April 4 Late 2023"]
[White "Atanasov, Anthony"]
[Black "Briscoe, Chris"]
[WhiteFideId "2623897"]
[BlackFideId "408360"]
[WhiteElo "2326"]
[BlackElo "2111"]
[Result "1-0"]
[Round "01"]
[TimeControl "180+2"]
[Date "2023.04.04"]
[WhiteClock "0:00:16"]
[BlackClock "0:00:03"]

1. d4 Nf6 2. Bf4 e6 3. e3 d5 4. Nf3 Nbd7 5. Nbd2 Bd6 6. Bd3 Bxf4 7. exf4 c5 8. c3 b6 9. Qe2 O-O 10. Ne5 Bb7 11. h4 Rc8 12. Ndf3 Ne4 13. Ng5 cxd4 14. cxd4 Qe7 15. a3 Nxe5 16. fxe5 f5 17. exf6 Qxf6 18. O-O Nxg5 19. hxg5 Qxg5 20. Qxe6+ Kh8 21. Rae1 Rc6 22. Qf7 Rf6 23. Qxb7 Qh4 24. Qe7 Qxd4 25. Qe3 Qh4 26. Qg3 Qh5 27. Re7 Rg8 28. Re5 Qf7 29. Rfe1 Rh6 30. Rf5 Qd7 31. Rg5 Qf7 32. Qf3 Qd7 33. Qxd5 Qc7 34. Qe5 Qd7 35. Bf5 Qd2 36. Qxg7+ Rxg7 37. Re8+ Rg8 38. Rgxg8# 1-0


[Site "https://www.chess.com"]

[Event "Titled Tuesday Blitz April 4 Late 2023"]
[White "Kalajzic, Ivan"]
[Black "Kleiman, Jake"]
[WhiteFideId "14506378"]
[BlackFideId "2020041"]
[WhiteElo "2203"]
[BlackElo "2619"]
[Result "0-1"]
[Round "01"]
[TimeControl "180+2"]
[Date "2023.04.04"]
[WhiteClock "0:00:10"]
[BlackClock "0:00:26"]

1. b3 d5 2. Bb2 Bg4 3. f3 Bh5 4. e4 e6 5. Nc3 c6 6. Nge2 Bd6 7. Ng3 Bg6 8. exd5 exd5 9. Qe2+ Qe7 10. O-O-O Nd7 11. Qf2 Qh4 12. Nce2 Ngf6 13. Ne4 Qxf2 14. Nxf2 O-O-O 15. g3 Rhe8 16. Re1 Bc5 17. Bd4 Rxe2 18. Rxe2 Bxd4 19. c3 Bb6 20. Bh3 Bc5 21. d4 Bd6 22. Rhe1 Kc7 23. Kd2 a5 24. Nd3 Bxd3 25. Kxd3 g6 26. f4 Ne4 27. Bxd7 Kxd7 28. a4 f5 29. Rb1 Ra8 30. Ra2 Ra6 31. b4 axb4 32. cxb4 Be7 33. b5 Ra7 34. a5 Nd6 35. bxc6+ bxc6 36. Rb8 Bd8 37. h4 Kc7 38. Rb1 Ra6 39. h5 Nc4 40. hxg6 hxg6 41. Rh1 g5 42. Rh5 gxf4 43. gxf4 Nd6 44. Rh7+ Kc8 45. Rg7 Rxa5 46. Rxa5 Bxa5 47. Kc2 Bb6 48. Kd3 Nb5 49. Rg8+ Kb7 50. Rg7+ Ka6 51. Rg6 Nxd4 52. Rf6 Kb5 53. Rf8 Kc5 54. Rf6 Bc7 55. Rf7 Bd6 56. Ke3 Ne6 57. Rf6 Nxf4 58. Kf3 Ne6 59. Rf7 Nd4+ 60. Kf2 f4 61. Rf8 f3 62. Rf6 Be5 63. Rf7 Kc4 64. Ra7 Bf6 65. Ra4+ Kd3 66. Kf1 Ke4 67. Ra3 c5 68. Ra7 Be5 69. Ra8 c4 70. Re8 c3 71. Rc8 c2 72. Kf2 Kd3 73. Kf1 Bf4 74. Kf2 Bd2 75. Kf1 Bc3 76. Kf2 c1=Q 77. Rxc3+ Kxc3 78. Kg3 Qg5+ 79. Kf2 Qg2+ 80. Ke3 Qe2+ 81. Kf4 f2 82. Kg3 f1=Q 83. Kh4 Qeg2 84. Kh5 Qfh1# 0-1


[Site "https://www.chess.com"]

[Event "Titled Tuesday Blitz April 4 Late 2023"]
[White "Vlassov, Nikolai"]
[Black "Benmesbah, Natacha"]
[WhiteFideId "4103360"]
[BlackFideId "642002"]
[WhiteElo "2324"]
[BlackElo "2263"]
[Result "1-0"]
[Round "01"]
[TimeControl "180+2"]
[Date "2023.04.04"]
[WhiteClock "0:00:12"]
[BlackClock "0:00:34"]

1. e4 d6 2. f4 c5 3. Nf3 Nc6 4. Nc3 e6 5. d3 Nge7 6. g4 g6 7. h4 Bg7 8. h5 Nd4 9. h6 Nxf3+ 10. Qxf3 Bd4 11. Ne2 Bd7 12. c3 Qa5 13. Bd2 Qb6 14. cxd4 cxd4 15. Rb1 O-O-O 16. Bg2 Kb8 17. O-O f5 18. Ng3 fxg4 19. Qxg4 e5 20. Qg5 Nc6 21. b4 Qb5 22. Rf3 Rc8 23. Qf6 Bg4 24. Qxd6+ Ka8 25. Rf2 Qxd3 26. Rb3 Qc2 27. b5 Qd1+ 28. Nf1 Rhd8 29. Qa3 Nb8 30. b6 a6 31. fxe5 Rc2 32. e6 Be2 33. e7 Re8 34. Rb2 Bxf1 35. Bxf1 Qg4+ 36. Rg2 Qxe4 37. Rxc2 Qxc2 38. Bf4 Qc6 39. Bxb8 Kxb8 40. Rf2 Qxb6 41. Rf8 d3+ 42. Kh1 Qc6+ 43. Bg2 Qd7 44. Rxe8+ Qxe8 45. Qd6+ Ka7 46. Qd8 d2 47. Qxd2 Qxe7 48. Qd4+ Kb8 49. Kh2 Qc7+ 50. Kh3 Qc8+ 51. Kh4 Qf5 52. Kg3 Qg5+ 53. Qg4 Qxh6 54. Qe6 Qg5+ 55. Kf3 Qf5+ 56. Qxf5 gxf5 57. Kf4 Kc7 58. Kxf5 Kb6 59. Ke5 Kc5 60. Bxb7 Kb4 61. Bd5 h5 62. Kf4 h4 63. Kg4 h3 64. Kxh3 a5 65. Kg4 a4 66. Kf4 Ka3 67. Ke5 Kb4 68. Kd4 Ka3 69. Kc5 Kb2 70. Kb4 a3 71. Ka4 Kc2 72. Kxa3 Kc3 73. Ka4 Kd4 74. Bb3 Kc5 75. Ka5 Kc6 76. Ka6 Kc7 77. Ka7 Kc6 78. a4 Kc5 79. a5 Kb4 80. a6 Ka3 81. Kb7 1-0


[Site "https://www.chess.com"]

[Event "Titled Tuesday Blitz April 4 Late 2023"]
[White "Coelho, Ramyres Santana"]
[Black "Poliakova, Varvara"]
[WhiteFideId "2120690"]
[BlackFideId "13518313"]
[WhiteElo "1888"]
[BlackElo "2075"]
[Result "0-1"]
[Round "01"]
[TimeControl "180+2"]
[Date "2023.04.04"]
[WhiteClock "0:00:01"]
[BlackClock "0:00:45"]

1. e4 e5 2. Nf3 Nc6 3. d4 exd4 4. Bc4 Nf6 5. e5 d5 6. Bb5 Ne4 7. O-O Bd7 8. Nxd4 Bc5 9. Nxc6 bxc6 10. Bd3 Qh4 11. Bxe4 Qxe4 12. Qd3 Qxd3 13. cxd3 Bf5 14. Rd1 d4 15. Na3 O-O 16. Nc4 a5 17. a4 Be6 18. Bd2 Bxc4 19. dxc4 Rfb8 20. Ra2 Rb3 21. f4 g6 22. Kf1 Kf8 23. Ke2 Ke7 24. Bc1 Ke6 25. Rd3 Rb4 26. b3 Rab8 27. Rb2 Kf5 28. Kf3 h5 29. h3 h4 30. Bd2 Rxa4 31. Be1 Ra3 32. Bxh4 a4 33. g4+ Ke6 34. Ke4 Raxb3 35. f5+ gxf5+ 36. gxf5+ Kd7 37. Rdxb3 Rxb3 38. Rg2 Re3+ 39. Kf4 d3 40. Rg7 d2 41. Rxf7+ Kc8 42. Rf8+ Kb7 43. Rd8 Rxh3 44. Bg5 Be3+ 45. Kg4 Rh1 46. Bxe3 d1=Q+ 47. Rxd1 Rxd1 48. f6 a3 49. Bc5 a2 50. f7 Rf1 51. e6 a1=Q 52. e7 Qg7+ 53. Kh5 Rh1# 0-1


[Site "https://www.chess.com"]

[Event "Titled Tuesday Blitz April 4 Late 2023"]
[White "Srinath, Rao S.V."]
[Black "Ward, Ieuan C"]
[WhiteFideId "5028876"]
[BlackFideId "406627"]
[WhiteElo "2196"]
[BlackElo "2270"]
[Result "1-0"]
[Round "01"]
[TimeControl "180+2"]
[Date "2023.04.04"]
[WhiteClock "0:01:00"]
[BlackClock "0:00:47"]

1. c4 e6 2. Nc3 d5 3. e3 Nf6 4. b3 Be7 5. Nf3 O-O 6. Bb2 Nbd7 7. Be2 b6 8. O-O Bb7 9. Rc1 c5 10. d4 Rc8 11. Qc2 cxd4 12. exd4 a6 13. Ne5 Qc7 14. cxd5 exd5 15. Qf5 g6 16. Qf4 Qd6 17. h4 Ne4 18. Nxe4 dxe4 19. Qh6 Rxc1 20. Rxc1 Rc8 21. Rxc8+ Bxc8 22. h5 Bf8 23. Qe3 Nxe5 24. dxe5 Qc6 25. e6 Qxe6 26. Qd4 1-0


[Site "https://www.chess.com"]

[Event "Titled Tuesday Blitz April 4 Late 2023"]
[White "Vemparala, Nikash"]
[Black "Ehlvest, Jaan"]
[WhiteFideId "30960967"]
[BlackFideId "4500016"]
[WhiteElo "2023"]
[BlackElo "2442"]
[Result "0-1"]
[Round "01"]
[TimeControl "180+2"]
[Date "2023.04.04"]
[WhiteClock "0:00:07"]
[BlackClock "0:00:16"]

1. e4 c5 2. Nf3 Nc6 3. Bb5 g6 4. Bxc6 dxc6 5. O-O Bg7 6. d3 e5 7. h3 Qe7 8. Nc3 Nf6 9. Be3 Nd7 10. Qd2 h6 11. Nh2 Nf8 12. f4 exf4 13. Bxf4 Ne6 14. Be3 Nd4 15. Rae1 Be6 16. a4 O-O-O 17. a5 c4 18. a6 b6 19. Qf2 Qb4 20. Rb1 Rhe8 21. Rfd1 f5 22. Nf3 cxd3 23. cxd3 g5 24. e5 Nxf3+ 25. Qxf3 Bd7 26. Rbc1 Kb8 27. Nd5 Qb5 28. Nf6 Rxe5 29. Nxd7+ Rxd7 30. Bf2 Red5 31. d4 f4 32. Qe4 Qxa6 33. Qe8+ Qc8 34. Qxc8+ Kxc8 35. Rxc6+ Kb7 36. Rdc1 Bxd4 37. Bxd4 Rxd4 38. Rxh6 Rd2 39. b4 Rb2 40. Rg6 Rxb4 41. Rxg5 a5 42. h4 a4 43. h5 a3 44. h6 a2 45. Rg7 Rxg7 46. hxg7 Rb1 47. g8=Q Rxc1+ 48. Kh2 a1=Q 49. Qd5+ Rc6 50. Qd7+ Rc7 51. Qd5+ Ka7 0-1


[Site "https://www.chess.com"]

[Event "Titled Tuesday Blitz April 4 Late 2023"]
[White "Wadsworth, Matthew J"]
[Black "lluiss"]
[WhiteFideId "415804"]
[WhiteElo "2330"]
[BlackElo "2252"]
[Result "1-0"]
[Round "01"]
[TimeControl "180+2"]
[Date "2023.04.04"]
[WhiteClock "0:01:06"]
[BlackClock "0:00:15"]

1. Nc3 d5 2. e4 d4 3. Nce2 c5 4. Ng3 e6 5. Bb5+ Bd7 6. Bxd7+ Qxd7 7. d3 Nc6 8. f4 e5 9. f5 g6 10. Nf3 Bh6 11. O-O Bxc1 12. Qxc1 Nge7 13. Qh6 gxf5 14. exf5 O-O-O 15. Rae1 f6 16. Qxf6 Rhf8 17. Qe6 Qxe6 18. fxe6 Ng6 19. Ne4 b6 20. Nfg5 Rxf1+ 21. Rxf1 Nf4 22. g3 Ng6 23. Nxh7 Rh8 24. Rf6 Rxh7 25. Rxg6 Kc7 26. a3 Re7 27. h4 Nd8 28. Ng5 Kd6 29. h5 Nxe6 30. h6 1-0


[Site "https://www.chess.com"]

[Event "Titled Tuesday Blitz April 4 Late 2023"]
[White "Andreassen, Lars"]
[Black "Janaszak, Dawid"]
[WhiteFideId "1504878"]
[BlackFideId "1119206"]
[WhiteElo "2119"]
[BlackElo "2220"]
[Result "0-1"]
[Round "01"]
[TimeControl "180+2"]
[Date "2023.04.04"]
[WhiteClock "0:00:03"]
[BlackClock "0:00:35"]

1. d4 Nf6 2. Nf3 g6 3. c4 Bg7 4. Nc3 O-O 5. g3 d6 6. Bg2 Nbd7 7. O-O e5 8. e4 c6 9. h3 Re8 10. Re1 Qc7 11. Be3 exd4 12. Nxd4 Nc5 13. Qc2 a5 14. Rad1 Nfd7 15. f4 a4 16. b4 axb3 17. axb3 Nf8 18. b4 Nce6 19. f5 Nxd4 20. Bxd4 Be5 21. Bxe5 Rxe5 22. Kh2 Bd7 23. Qd3 gxf5 24. exf5 Bxf5 25. Qd2 Qe7 26. Rxe5 dxe5 27. c5 Ne6 28. Ne4 Bg6 29. Nd6 h5 30. h4 Nd4 31. Re1 Qf6 32. Qh6 Ra2 33. Kh1 Rxg2 34. Kxg2 Be4+ 35. Rxe4 Qxh6 36. Rxe5 Qd2+ 37. Kh3 Ne6 38. Nf5 Qxb4 39. Ne7+ Kf8 40. Nf5 Qg4+ 41. Kh2 Qb4 0-1


[Site "https://www.chess.com"]

[Event "Titled Tuesday Blitz April 4 Late 2023"]
[White "Mirimanian, Hayk"]
[Black "feuervogel1000000"]
[WhiteFideId "4700180"]
[WhiteElo "2280"]
[BlackElo "2243"]
[Result "0-1"]
[Round "01"]
[TimeControl "180+2"]
[Date "2023.04.04"]
[WhiteClock "0:00:01"]
[BlackClock "0:01:33"]

1. d4 Nf6 2. Nf3 e6 3. c4 d5 4. Nc3 Be7 5. Bg5 O-O 6. e3 b6 7. cxd5 exd5 8. Bd3 Bb7 9. O-O Nbd7 10. Rc1 c5 11. Bb1 h6 12. Bh4 c4 13. Qc2 Re8 14. Ne5 Nf8 15. Qf5 Bc8 16. Qf3 Bb7 17. Rfd1 a6 18. Ne2 b5 19. g4 Ne4 20. Bxe7 Qxe7 21. Qg2 f6 22. Ng6 Nxg6 23. f3 Nh4 24. Qh3 Ng5 25. Qg3 Qxe3+ 26. Kh1 Qxe2 27. Rf1 Ngxf3 28. Rf2 Qe1+ 29. Rf1 Qd2 0-1


[Site "https://www.chess.com"]